 Dungeon Crawl Stone Soup version 0.27.1-1-g398f81649c (webtiles) character file.

Game seed: 1242644349527594701

117 Descartes the Digger (level 4, -4/27 HPs)
             Began as a Deep Elf Wanderer on Sept 20, 2021.
             Slain by Sigmund (7 damage)
             ... on level 2 of the Dungeon.
             The game lasted 00:03:57 (2184 turns).

Descartes the Digger (Deep Elf Wanderer)            Turns: 2184, Time: 00:03:57

Health: -4/27      AC:  2    Str:  8    XL:     4   Next: 71%
Magic:  3/9        EV: 11    Int: 17    God:
Gold:   69         SH:  0    Dex: 16    Spells: 3/7 levels left

rFire    . . .     SeeInvis .   a - +2 spear
rCold    . . .     Faith    .   (no shield)
rNeg     . . .     Spirit   .   c - +0 robe
rPois    .         Reflect  .   (no helmet)
rElec    .         Harm     .   (no cloak)
rCorr    .         Rampage  .   (no gloves)
Will     .....                  (no boots)
Stlth    +.........             (no amulet)
HPRegen  0.09/turn              (no ring)
MPRegen  0.11/turn              (no ring)

@: confused
A: no striking features
a: no special abilities


You were on level 2 of the Dungeon.
You visited 1 branch of the dungeon, and saw 2 of its levels.

You collected 69 gold pieces.

Inventory:

Hand Weapons
 a - a +2 spear (weapon)
 b - a +0 falchion
 d - a +0 dagger
Missiles
 g - 54 stones
 h - 17 arrows
Armour
 c - a +0 robe (worn)
Magical Staves
 e - a staff of poison
Potions
 f - a potion of degeneration {unknown}


   Skills:
 - Level 2.4 Fighting
 - Level 1.0 Throwing
 - Level 2.4 Stealth
 - Level 2.0 Spellcasting
 + Level 2.1 Conjurations
 + Level 4.8 Earth Magic
 - Level 1.1 Evocations


You had 3 spell levels left.
You knew the following spells:

 Your Spells              Type           Power      Damage    Failure   Level
a - Sandblast             Erth           36%        2d10      2%          1
b - Stone Arrow           Conj/Erth      26%        3d8       14%         3

Your spell library contained the following spells:

 Spells                   Type           Power      Damage    Failure   Level


Dungeon Overview and Level Annotations

Branches:
Dungeon (2/15)

Altars:

Annotations:
D:2 Sigmund


Message History

The stone arrow misses Sigmund.
Casting: Stone Arrow (quite dangerous; 14% risk of failure)
Confirm with . or Enter, or press ? or * to list all spells.
The spell is quite dangerous to cast (14% risk of failure)!
Continue anyway?
Aiming: Stone Arrow (quite dangerous; 14% risk of failure)
Press: ? - help, Shift-Dir - straight line, f/p - Sigmund
Aim: Sigmund, wielding a +0 scythe and wearing a +0 robe (64% to hit)
The stone arrow hits Sigmund!
Sigmund is moderately wounded.
Unknown command.
You see here a +0 dagger.
Casting: Stone Arrow (quite dangerous; 14% risk of failure)
Confirm with . or Enter, or press ? or * to list all spells.
Aiming: Sandblast (safe; 2% risk of failure)
Press: ? - help, Shift-Dir - straight line, f/p - Sigmund
Aim: Sigmund, wielding a +0 scythe and wearing a +0 robe (moderately wounded, 77% to hit)
The blast of sand hits Sigmund but does no damage.
Sigmund is moderately wounded.
Sigmund hits you from afar with a +0 scythe.
Unknown command.
Casting: Sandblast (safe; 2% risk of failure)
Confirm with . or Enter, or press ? or * to list all spells.
Aiming: Sandblast (safe; 2% risk of failure)
Press: ? - help, Shift-Dir - straight line, f/p - Sigmund
Aim: Sigmund, wielding a +0 scythe and wearing a +0 robe (moderately wounded, 77% to hit)
The blast of sand hits Sigmund.
Sigmund is heavily wounded.
Sigmund gestures at you while chanting. The puff of flame hits you!
* * * LOW HITPOINT WARNING * * *
You see here a +0 club.
Sigmund casts a spell at you.
You are confused.
You see here a rat skeleton.
Sigmund gestures wildly while chanting.
Sigmund flickers and vanishes!
Deactivating autopickup; reactivate with Ctrl-A.
You're too confused to move!
You bump into the rock wall.
Something hits you!
You die...

#.# #.#)# #.# #.# ### #.#.#
#.# #)# #.. ..#.#######.#
#.# ######.#####.........#
#.## #............#########
#..## ##.####.)......###
##.#.###..>##....)........
#.###...........รท#....####
##.#.###.......@##.#.##
#..## ##.#........#.# #..#
#.#.....####.# #..###
#.#.....# .# #....#
#.#.....# ##.#.# #.##...##
#.#.# #.#.###.## #.#.#
#..## ##.###.# #.#.###..#
#.....#


There were no monsters in sight!

Vanquished Creatures
  Natasha (twice) (D:2)
  2 worms (D:2)
  A dart slug (D:1)
  7 ball pythons
  10 bats
  3 endoplasms (D:1)
  2 giant cockroaches (D:1)
  6 goblins
  4 hobgoblins
  4 jackals
  5 kobolds
  3 quokkas
  2 frilled lizards
  7 rats
58 creatures vanquished.

Vanquished Creatures (others)
  3 plants (D:1)
3 creatures vanquished.

Grand Total: 61 creatures vanquished

Notes
Turn   | Place    | Note
-------+----------+-------------------------------------------
     0 | D:1      | Descartes the Deep Elf Wanderer began the quest for the
                  | Orb.
     0 | D:1      | Descartes set off with the following items: a +2 spear, a
                  | +0 falchion, a +0 robe, a +0 dagger; and the following
                  | spell memorised: Sandblast; and the following spells
                  | available to memorise: Stone Arrow
     0 | D:1      | Reached XP level 1. HP: 13/13 MP: 5/5
    98 | D:1      | Reached skill level 3 in Earth Magic
    98 | D:1      | Reached XP level 2. HP: 15/18 MP: 7/7
   599 | D:1      | Reached XP level 3. HP: 10/22 MP: 6/8
  1141 | D:1      | Reached skill level 4 in Earth Magic
  1370 | D:2      | Learned a level 3 spell: Stone Arrow
  1591 | D:2      | Noticed Natasha
  1597 | D:2      | Killed Natasha
  1598 | D:2      | Reached skill level 1 in Conjurations
  1598 | D:2      | Reached XP level 4. HP: 7/27 MP: 7/9
  1627 | D:2      | Noticed Natasha
  1634 | D:2      | Killed Natasha
  2094 | D:2      | Found a faded altar of an unknown god.
  2138 | D:2      | Noticed Sigmund
  2184 | D:2      | Slain by Sigmund

Illustrated notes

Levels and vault maps discovered:
D:1:      onia_arrival_handbag, layout_loops_ring, minmay_shallow_snake_nest
D:2:      layout_loops_ring, ebering_ecumenical_altar_abandoned,
          minmay_tree_intersection, uniq_sigmund, uniq_natasha

Skill      XL: |  1  2  3  4 |
---------------+-------------+-----
Spellcasting   | 2 |  2.0
Earth Magic    | 3 4 |  4.8
Conjurations   | 1 2 |  2.1
Fighting       | |  2.4
Throwing       | |  1.0
Stealth        | |  2.4
Evocations     | |  1.1

Action                   |  1- 3 |  4- 6 || total
-------------------------+-------+-------++-------
Melee: Spear             |   123 |    17 ||   140
 Cast: Sandblast         |    10 |     6 ||    16
       Stone Arrow       |       |     2 ||     2
 Stab: Sleeping          |    18 |     4 ||    22
Armor: Robe              |    19 |       ||    19
Dodge: Dodged            |    53 |     4 ||    57
